 Dungeon Crawl Stone Soup version 0.23.2 (webtiles) character file.

Game seed: 12897753752407042139

58 Norn the Ruffian (level 3, -4/29 HPs)
             Began as a Draconian Transmuter on Apr 10, 2019.
             Was a Follower of Makhleb.
             Killed from afar by an orc wizard (7 damage)
             ... with a magic dart
             ... on level 2 of the Dungeon.
             The game lasted 00:13:15 (2347 turns).

Norn the Ruffian (Draconian Transmuter)             Turns: 2347, Time: 00:13:16

Health: -4/29      AC:  5    Str: 12    XL:     3   Next: 76%
Magic:  6/6        EV: 12    Int: 14    God:    Makhleb [*.....]
Gold:   62         SH:  0    Dex: 11    Spells: 3/6 levels left

rFire    + . .     SeeInvis .   j - +0 dagger (venom)
rCold    + . .     Gourm    .   (no shield)
rNeg     . . .     Faith    .   (armour unavailable)
rPois    +         Spirit   .   (helmet restricted)
rElec    +         Reflect  .   (no cloak)
rCorr    +         Harm     .   (no gloves)
MR       .....                  (no boots)
Stlth    +.........             (no amulet)
HPRegen  0.09/turn              (no ring)
MPRegen  0.10/turn              (no ring)

@: resistant
A: unfitting armour, cold-blooded, AC +5
a: Renounce Religion


You were on level 2 of the Dungeon.
You worshipped Makhleb.
Makhleb was aware of your devotion.
You were very hungry.

You visited 1 branch of the dungeon, and saw 3 of its levels.

You collected 62 gold pieces.

Inventory:

Hand Weapons
 j - a +0 dagger of venom (weapon)
   (You took it off a kobold on level 2 of the Dungeon)
Missiles
 a - 11 arrows
 b - 64 stones (quivered)
 h - 19 poisoned needles
Armour
 g - a +0 buckler
   (You found it on level 1 of the Dungeon)
Jewellery
 f - a +2 ring of protection {unknown}
   (You found it on level 1 of the Dungeon)
Scrolls
 c - a scroll of noise {unknown}
 n - a scroll of immolation {unknown}
 o - a scroll of remove curse {unknown}
Potions
 d - a potion of heal wounds {unknown}
 i - a potion of might {unknown}
 k - a potion of ambrosia {unknown}
 m - a potion of degeneration {unknown}
Comestibles
 e - 4 rations {!d}


   Skills:
 + Level 2.1 Fighting
 + Level 2.3 Dodging
 * Level 4.0 Unarmed Combat
 - Level 2.0 Spellcasting
 - Level 2.0 Transmutations


You had 3 spell levels left.
You knew the following spells:

 Your Spells              Type           Power        Failure   Level  Hunger
a - Beastly Appendage     Tmut           #.....       11%         1    ##.....
s - Sticks to Snakes      Tmut           #.......     16%         2    ###....

Your spell library contained the following spells:

 Spells                   Type           Power        Failure   Level  Hunger
 Spider Form              Tmut/Pois      #.........   43%         3    ####...
 Ice Form                 Ice/Tmut       #.......     83%         4    #####..
 Blade Hands              Tmut           #.........   96%         5    ######.


Dungeon Overview and Level Annotations

Branches:
Dungeon (3/15)

Altars:
Ashenzari
Dithmenos
Gozag
Makhleb


Innate Abilities, Weirdness & Mutations

Your plain brown scales are hard. (AC +5)
You cannot fit into any form of body armour.
You are cold-blooded and may be slowed by cold attacks.


Message History

You climb upwards.
You are feeling very hungry.
There is a stone staircase leading down here.
You closely miss the orc wizard. Your punch misses the orc wizard.
The orc wizard hits you with a +0 dagger.
The orc closely misses you.
You miss the orc wizard. The orc wizard closely misses you.
You closely miss the orc wizard. The orc hits you but does no damage.
The orc wizard closely misses you.
You hit the orc wizard but do no damage.
The orc wizard is poisoned.
The orc hits you with a +0 flail. The orc wizard casts a spell at you.
The magic dart hits you.
You hit the orc wizard. The orc wizard closely misses you.
The orc closely misses you.
You hit the orc wizard.
The orc wizard looks even sicker.
The orc wizard points at you and mumbles some strange words.
You are confused.
The orc completely misses you.
You barely miss the orc wizard.
The orc wizard gestures at you while chanting.
The magic dart hits you. The orc hits you with a +0 flail.
* * * LOW HITPOINT WARNING * * *
You hit the orc wizard.
The orc wizard looks as sick as possible!
The orc wizard gestures at you while chanting.
The puff of flame misses you.
You're too confused to move!
The orc barely misses you.
The orc wizard hits you with a +0 dagger.
* * * LOW HITPOINT WARNING * * *
You're too confused to cast spells.
You closely miss the orc. The orc misses you.
The orc wizard closely misses you.
You bump into the rock wall.
The orc wizard hits you with a +0 dagger.
* * * LOW HITPOINT WARNING * * *
The orc completely misses you.
You hit the orc.
The orc is poisoned.
The orc wizard gestures at you while chanting.
The puff of flame hits you!
* * * LOW HITPOINT WARNING * * *
The orc closely misses you.
It was a potion of resistance.
You feel protected.
You feel less confused.
You kill the orc!
Makhleb accepts your kill.
You feel better.
The orc wizard gestures at you while chanting.
The magic dart hits you!
You die...

#.#### #.....# #.#
#....# #.....# #.#
####.# #.....# #.# #)#
#.....# #.# #.# #.....#
#.# #.# ####### ##.#
#.# #... ####.### #...
#....)@# #... #.##.#o#
##.# #.##.#.### #####.#
#.##.....# #.....#
#.####.#.########.#####
#.####.#..........#
#......############
########


You could see an orc wizard.

Vanquished Creatures
  An adder (D:2)
  2 worms (D:2)
  3 dart slugs (D:1)
  A leopard gecko (D:1)
  An orc (D:2)
  7 bats
  A giant cockroach (D:2)
  6 goblins
  3 hobgoblins
  A quokka (D:2)
  A ball python (D:1)
  A frilled lizard (D:1)
  5 kobolds (D:2)
  3 rats
36 creatures vanquished.

Notes
Turn   | Place    | Note
-------+----------+-------------------------------------------
     0 | D:1      | Norn the Draconian Transmuter began the quest for the Orb.
     0 | D:1      | Reached XP level 1. HP: 16/16 MP: 3/3
   559 | D:1      | Reached XP level 2. HP: 23/23 MP: 3/5
   917 | D:1      | Learned a level 2 spell: Sticks to Snakes
  1189 | D:1      | Found a shattered altar of Ashenzari.
  1442 | D:2      | Reached XP level 3. HP: 29/29 MP: 6/6
  1471 | D:2      | Found an opulent altar of Gozag.
  1642 | D:2      | Found a shadowy altar of Dithmenos.
  2225 | D:2      | Found a faded altar of an unknown god.
  2232 | D:2      | Reached skill level 4 in Unarmed Combat
  2278 | D:2      | Became a worshipper of Makhleb the Destroyer
  2278 | D:2      | Reached * piety under Makhleb
  2332 | D:3      | Noticed a scorpion
  2347 | D:2      | Killed from afar by an orc wizard

Skill      XL: |  1  2  3 |
---------------+----------+-----
Dodging        | 2 |  2.3
Fighting       | 2 |  2.1
Unarmed Combat | 4 |  4.0
Spellcasting   | |  2.0
Transmutations | |  2.0

Action                   || total
-------------------------++-------
Melee: Unarmed           ||   123
       Tailslap          ||    19
       Kick              ||     9
       Headbutt          ||     3
       Dagger            ||    25
       Punch             ||     1
Throw: Stone             ||     5
 Cast: Beastly Appendage ||    19
       Sticks to Snakes  ||     1
  Use: Potion            ||     1
  Eat: Chunk             ||     4
Armor: Skin              ||    35
Dodge: Dodged            ||   119
